 Dungeon Crawl Stone Soup version 0.19.1 (webtiles) character file.

710 Host24 the Ducker (level 8, 0/51 HPs)
             Began as a Kobold Hunter on Dec 26, 2016.
             Was a Follower of Okawaru.
             Shot with an arrow by a centaur (16 damage)
             ... on level 5 of the Dungeon.
             The game lasted 00:11:14 (6344 turns).

Host24 the Ducker (Kobold Hunter)                   Turns: 6344, Time: 00:11:15

Health: 0/51       AC:  7    Str:  9    XL:     8   Next: 0%
Magic:  8/8        EV: 21    Int: 18    God:    Okawaru [*.....]
Gold:   334        SH:  0    Dex: 18    Spells: 0 memorised, 7 levels left

rFire  . . .     SeeInvis .     a - +1 hand crossbow
rCold  . . .     Gourm    .     q - +2 robe {MR+}
rNeg   . . .     Faith    .     (shield restricted)
rPois  .         Spirit   .     (no helmet)
rElec  .         Reflect  .     e - +0 cloak
rCorr  .         Harm     .     v - +0 pair of gloves (curse)
MR     ++...                    r - +0 pair of boots
Stlth  ++........               (no amulet)
                                p - ring of protection from magic
                                k - +6 ring of intelligence

@: no status effects
A: carnivore 3
a: Heroism, Renounce Religion


You were on level 5 of the Dungeon.
You worshipped Okawaru.
Okawaru was aware of your devotion.
You were completely stuffed.

You visited 2 branches of the dungeon, and saw 6 of its levels.

You collected 334 gold pieces.

Inventory:

Hand Weapons
 a - a +1 hand crossbow (weapon)
 o - a +0 rapier
 t - a +2 vampiric dagger
 D - a +1 flail of crushing
 F - a +0 shortbow
Missiles
 d - 26 bolts (quivered)
 h - 115 stones
 i - 17 sling bullets
 x - 5 needles of confusion
 C - 52 arrows
Armour
 e - a +0 cloak (worn)
 q - a +2 robe of magic resistance (worn)
 r - a +0 pair of boots (worn)
 v - a cursed +0 pair of gloves (worn)
Jewellery
 k - a +6 ring of intelligence (left hand)
 p - a ring of protection from magic (right hand)
 y - a cursed ring of teleportation {unknown}
 z - an uncursed ring of protection from magic
Wands
 u - a wand of random effects (28/48)
Scrolls
 b - a scroll of immolation {unknown}
 c - a scroll of fog
 g - a scroll of enchant armour {unknown}
 j - a scroll of teleportation {unknown}
 l - 7 scrolls of identify {unknown}
 m - a scroll of enchant weapon {unknown}
 n - a scroll of noise {unknown}
 w - a scroll of remove curse {unknown}
Potions
 A - 2 potions of curing
 B - a potion of heal wounds
Comestibles
 f - a meat ration
 s - a beef jerky
 E - 2 chunks of flesh


   Skills:
 - Level 6.2 Fighting
 - Level 5.0 Crossbows
 + Level 7.7 Dodging
 - Level 1.3 Stealth


You had 7 spell levels left.
You didn't know any spells.

Dungeon Overview and Level Annotations

Branches:
Dungeon (5/15)             Temple (1/1) D:4

Altars:
Ashenzari
Cheibriados
Dithmenos
Elyvilon
Gozag
Hepliaklqana
Makhleb
Okawaru
Qazlal
Ru
Sif Muna
Uskayaw
Xom
Yredelemnul
The Shining One

Shops:
D:4 (


Innate Abilities, Weirdness & Mutations

You are small and have problems with some larger weapons.
You are carnivorous and can eat meat at any time.


Message History

Aim: a centaur, wielding a shortbow You shoot a bolt.
The bolt hits the centaur but does no damage.
The centaur shoots an arrow.
The arrow closely misses you.
The centaur shoots an arrow.
The arrow hits you.
* * * LOW HITPOINT WARNING * * *
Firing (i - inventory. (,) - cycle):
d - 28 bolts (quivered)
Press: ? - help, Shift-Dir - straight line, f/p - centaur
Aim: a centaur, wielding a shortbow You shoot a bolt.
The bolt hits the centaur!
The centaur is moderately wounded.
The centaur shoots an arrow.
The arrow misses you.
Firing (i - inventory. (,) - cycle):
d - 27 bolts (quivered)
Press: ? - help, Shift-Dir - straight line, f/p - centaur
Aim: a centaur, wielding a shortbow (moderately wounded)
You shoot a bolt. The bolt hits the centaur.
The centaur is severely wounded.
The centaur shoots an arrow.
The arrow misses you.
The centaur shoots an arrow.
The arrow hits you!
You die...

###.##..####
###[..#......# #..
#...####...#
##########.###.###
#..#
.........#.#...#
.#
########.#...### .
#...#######...
#####.......((...
#...(....@.c##
#.....#######
....#.## ..###. .
.. ###


You could see a centaur.

Vanquished Creatures
  Edmund (D:5)
  A black bear (D:4)
  A phantom (D:4)
  A centaur (D:5)
  A scorpion (D:3)
  A hound (D:4)
  An orc wizard (D:3)
  A centaur skeleton (D:4)
  5 gnolls
  5 adders
  A shadow imp (D:5)
  An adder skeleton (D:4)
  5 worms
  3 dart slugs (D:1)
  7 leopard geckos
  9 orcs
  A ball python (D:3)
  5 giant cockroaches
  2 hobgoblins
  7 jackals (D:2)
  8 kobolds
  A quokka (D:4)
  4 bats
  7 frilled lizards
  9 goblins
  5 rats
93 creatures vanquished.

Notes
Turn   | Place    | Note
-------+----------+-------------------------------------------
     0 | D:1      | Host24 the Kobold Hunter began the quest for the Orb.
     0 | D:1      | Reached XP level 1. HP: 12/12 MP: 1/1
   399 | D:1      | Reached XP level 2. HP: 12/18 MP: 2/2
  1095 | D:1      | Reached XP level 3. HP: 21/24 MP: 3/3
  1527 | D:2      | Reached XP level 4. HP: 30/30 MP: 4/4
  1806 | D:2      | Reached skill level 3 in Dodging
  2742 | D:3      | Reached skill level 4 in Dodging
  2742 | D:3      | Reached XP level 5. HP: 20/34 MP: 5/5
  3475 | D:3      | Reached skill level 5 in Fighting
  3889 | D:3      | Reached XP level 6. HP: 15/40 MP: 6/6
  4171 | D:3      | Found a sacrificial altar of Ru.
  4868 | D:4      | Noticed a phantom
  4904 | D:4      | Killed a phantom
  4904 | D:4      | Reached skill level 5 in Dodging
  4904 | D:4      | Reached XP level 7. HP: 20/46 MP: 7/7
  5167 | D:4      | Found a staircase to the Ecumenical Temple.
  5176 | Temple   | Entered the Ecumenical Temple
  5560 | Temple   | Became a worshipper of Warmaster Okawaru
  5598 | D:4      | Reached skill level 6 in Dodging
  5619 | D:4      | Found Ponietit's Weapon Shoppe.
  5756 | D:5      | Entered Level 5 of the Dungeon
  5844 | D:5      | Reached skill level 5 in Crossbows
  5900 | D:5      | Noticed Edmund
  5927 | D:5      | HP: 2/46 [Edmund/flail of crushing (3)]
  5928 | D:5      | Killed Edmund
  5928 | D:5      | Reached * piety under Okawaru
  5928 | D:5      | Reached skill level 7 in Dodging
  6294 | D:5      | Reached XP level 8. HP: 40/51 MP: 8/8
  6344 | D:5      | Shot with an arrow by a centaur

Skill      XL: |  1  2  3  4  5  6  7 |
---------------+----------------------+-----
Fighting       | 3 4 5 6 |  6.2
Dodging        | 4 5 7 |  7.7
Crossbows      | 5 |  5.0
Stealth        | |  1.3

Action                   |  1- 3 |  4- 6 |  7- 9 || total
-------------------------+-------+-------+-------++-------
Melee: Short sword       |    82 |   234 |       ||   316
       Rapier            |       |    29 |    32 ||    61
       Flail             |       |       |     6 ||     6
 Fire: Hand crossbow     |    12 |    35 |    34 ||    81
  Use: Potion            |       |     4 |       ||     4
       Scroll            |       |       |     1 ||     1
 Stab: Sleeping          |     4 |     7 |     2 ||    13
       Distracted        |       |     1 |       ||     1
  Eat: Chunk             |    10 |    11 |     5 ||    26
Armor: Leather armour    |    11 |       |       ||    11
       Robe              |    10 |    51 |    12 ||    73
Dodge: Dodged            |    54 |   206 |    53 ||   313
